 Dungeon Crawl Stone Soup version 0.25-a0-566-g062765be81 (webtiles) character file.

Game seed: 14912939788095721986, levelgen mode: deterministic

28 vurker the Gusty (level 2, 0/12 HPs)
             Began as a Felid Air Elementalist on Feb 28, 2020.
             Slain by an adder (4 damage)
             ... on level 2 of the Dungeon.
             The game lasted 00:01:18 (1069 turns).

vurker the Gusty (Felid Air Elementalist)           Turns: 1069, Time: 00:01:19

Health: 0/12       AC:  1    Str:  4    XL:     2   Next: 96%
Magic:  0/6        EV: 18    Int: 16    God:
Gold:   52         SH:  0    Dex: 16    Spells: 5/6 levels left
                                        Lives:  0   Deaths: 0

rFire    . . .     SeeInvis +   (weapon unavailable)
rCold    . . .     Gourm    .   (shield unavailable)
rNeg     . . .     Faith    .   (armour unavailable)
rPois    .         Spirit   .   (helmet unavailable)
rElec    .         Reflect  .   (cloak unavailable)
rCorr    .         Harm     .   (gloves unavailable)
MR       .....                  (boots unavailable)
Stlth    +++.......             (no amulet)
HPRegen  0.04/turn              (no ring)
MPRegen  0.10/turn              (no ring)

@: lethally poisoned (0 -> -2), very slightly contaminated, quick
A: very small, no armour, no weapons or thrown items, stealth, claws 1, fangs 3,
see invisible, carnivore, speed 1, shaggy fur 1, slow metabolism 1, sharp paws
a: no special abilities


You were on level 2 of the Dungeon.
You were very full.

You visited 1 branch of the dungeon, and saw 2 of its levels.

You collected 52 gold pieces.

Inventory:

Jewellery
 i - an uncursed ring of poison resistance
   (You took it off a goblin on level 2 of the Dungeon)
Scrolls
 a - a scroll of immolation {unknown}
 b - a scroll of magic mapping {unknown}
 f - a scroll of remove curse {unknown}
 g - a scroll of teleportation {unknown}
Potions
 c - 2 potions of lignification {unknown}
 d - a potion of curing {unknown}
 h - a potion of stabbing {unknown}
Comestibles
 e - 3 rations


   Skills:
 + Level 0.6 Fighting
 - Level 2.6 Dodging
 - Level 2.6 Stealth
 * Level 2.5 Spellcasting
 + Level 1.3 Conjurations
 * Level 3.1 Air Magic


You had 5 spell levels left.
You knew the following spells:

 Your Spells              Type           Power        Failure   Level  Hunger
a - Shock                 Conj/Air       #...         8%          1    #......

Your spell library contained the following spells:

 Spells                   Type           Power        Failure   Level  Hunger
 Swiftness                Chrm/Air       #.......     16%         2    ##.....
 Static Discharge         Conj/Air       #.......     24%         3    ###....
 Airstrike                Air            ##........   50%         4    #####..
 Lightning Bolt           Conj/Air       #.........   91%         5    ######.


Dungeon Overview and Level Annotations

Branches:
Dungeon (2/15)

Altars:
Gozag


Innate Abilities, Weirdness & Mutations

You cannot wear armour.
You are incapable of wielding weapons or throwing items.
Your paws allow you to move quietly. (Stealth)
You have sharp claws.
You have razor-sharp teeth.
You have supernaturally acute eyesight. (SInv)
You are carnivorous and can eat meat at any time.
You cover ground quickly.
You are covered in fur. (AC +1)
You have a slow metabolism.
Your sharp claws are effective at attacking unaware monsters.


Message History

Aim: a goblin, wielding a +0 dagger The zap hits the goblin.
You kill the goblin!
The bat barely misses you.
Aim: a bat (severely wounded)
The zap hits the bat.
You kill the bat!
You can't see any susceptible monsters within range! (Use Z to cast anyway.)
You can't see any susceptible monsters within range! (Use Z to cast anyway.)
A worm comes into view.
A worm is nearby!
A worm is nearby!
Aim: a worm (hasn't noticed you)
The zap misses the worm.
Things that are here:
a +0 whip; a goblin skeleton An adder comes into view.
Aim: an adder (hasn't noticed you)
The zap misses the adder.
The adder hisses angrily.
Aim: an adder You miscast Shock.
You are very lightly contaminated with residual magic.
Sparks of electricity dance between your paws.
Aim: an adder The zap misses the adder.
Aim: an adder The zap hits the adder.
You don't have enough magic to cast that spell.
The zap hits the worm.
The zap misses the adder.
The zap hits the adder.
The zap hits the worm.
You scratch the worm but do no damage. The worm closely misses you.
The adder bites you.
You are poisoned.
The adder poisons you!
Things that are here:
a +0 whip; a kobold corpse You feel sick.
Found 18 arrows.
Found a stone staircase leading up.
You don't have enough magic to cast that spell.
The zap hits the adder.
The zap misses the adder.
The adder misses you. The adder bites you.
* * * LOW HITPOINT WARNING * * *
Okay, then.
You scratch the adder. Your bite misses the adder. The adder misses you.
You barely miss the adder.
You feel sick. The adder completely misses you.
Found a stone staircase leading up.
You closely miss the adder.
You feel sick. The adder barely misses you. The adder bites you.
You die...

# #..........### #.#
#.####.#####
###...##########.# #.#
.)........)....#.####.#
#####.########.....##.#
.. ..._...###)##.# #..
##.....# #....# #.
#.#...###.#### .w
..#....@Sw.# . .
##..##.### ##..<(#
..#.<# #.. #..# .. #...
. ...# ....


You could see a worm and an adder.

Vanquished Creatures
  An adder (D:2)
  3 goblins
  3 hobgoblins
  4 bats
  3 frilled lizards
  2 kobolds
  5 rats
21 creatures vanquished.

Notes
Turn   | Place    | Note
-------+----------+-------------------------------------------
     0 | D:1      | vurker the Felid Air Elementalist began the quest for the
                  | Orb.
     0 | D:1      | Reached XP level 1. HP: 7/7 MP: 4/4
    89 | D:1      | Reached skill level 1 in Conjurations
   598 | D:1      | Reached XP level 2. HP: 12/12 MP: 1/6
   823 | D:2      | Reached skill level 3 in Air Magic
   972 | D:2      | Found an opulent altar of Gozag.
  1069 | D:2      | Slain by an adder

Levels and vault maps discovered:
D:1:      dpeg_arrival_arbitrary_b, layout_rooms, minmay_pentomino_u4
D:2:      layout_loops_ring, overflow_temple_1_default, bloody_trog,
          first_ration, minmay_snake_closets, uniq_robin,
          uniq_crazy_yiuf_cottage

Skill      XL: |  1  2 |
---------------+-------+-----
Conjurations   | 1 |  1.3
Air Magic      | 3 |  3.1
Fighting       | |  0.6
Dodging        | |  2.6
Stealth        | |  2.6
Spellcasting   | |  2.5

Action                   || total
-------------------------++-------
Melee: Unarmed           ||    12
       Bite              ||     3
 Cast: Shock             ||    35
  Eat: Chunk             ||     7
Armor: Skin              ||     1
Dodge: Dodged            ||    16

Table legend:
 A = Non-vault XP
 B = Vault XP
 C = Vault XP percentage of total XP
 D = Non-vault monster count
 E = Vault monster count
 F = Vault count percentage of total count
                 A         B        C        D         E       F
            +---------+---------+-------+---------+---------+-------
      Total |      36 |       4 |  10.0 |      18 |       3 |  14.3
            +---------+---------+-------+---------+---------+-------
        D:1 |      11 |       4 |  26.7 |       9 |       3 |  25.0
        D:2 |      25 |       0 |   0.0 |       9 |       0 |   0.0
            +---------+---------+-------+---------+---------+-------
